TOP OF THE 1ST |
Mexico City Cerveceros batting - Pitching for Mile High Broncos : RHP Denny Green
|
Pitching: RHP Denny Green
|
|
Batting: SHB Pancho Vásquez
|
0-0: Ball 1-0: Called Strike 1-1: SINGLE (Groundball, 56D)
|
Batting: LHB David Hernández
|
0-0: Ball 1-0: Ball 2-0: Foul Ball, location: 2F 2-1: Ball 3-1: Called Strike 3-2: Fly out, F2 (Popup, 5S)
|
Batting: RHB Juan Jose Guevana
|
0-0: Called Strike 0-1: Ball 1-1: Ball Pancho Vásquez steals 2nd base 2-1: Fly out, F8 (Line Drive, 8RD) Runner from 2nd tags up, SAFE at 3rd, no throw
|
Batting: LHB Brandon Cummings
|
0-0: Ball 1-0: Swinging Strike 1-1: Ball 2-1: Foul Ball, location: 2F 2-2: Ball 3-2: Foul Ball, location: 2F 3-2: Base on Balls
|
Batting: RHB Dennis Stephenson
|
0-0: Ball 1-0: Foul Ball, location: 2F 1-1: Ball 2-1: Called Strike 2-2: SINGLE (Groundball, 6MD) Pancho Vásquez scores Brandon Cummings to second
|
Batting: LHB Gary Kern
|
0-0: DOUBLE (Line Drive, 7D) Brandon Cummings scores Dennis Stephenson to third
|
Batting: RHB Dave Morgan
|
0-0: Ball 1-0: Swinging Strike 1-1: Ball 2-1: Fly out, F5 (Line Drive, 5)
|
Top of the 1st over - 2 run(s), 3 hit(s), 0 error(s), 2 left on base; Mexico City 2 - Mile High 0 |
BOTTOM OF THE 1ST |
Mile High Broncos batting - Pitching for Mexico City Cerveceros : RHP Christian Camden
|
Pitching: RHP Christian Camden
|
|
Batting: LHB Ernesto López
|
0-0: Called Strike 0-1: Called Strike 0-2: Foul Ball, location: 2F 0-2: Ball 1-2: Ball 2-2: Ground out U3 (Groundball, 3)
|
Batting: RHB Luis Alvarado
|
0-0: Called Strike 0-1: Foul Ball, location: 2F 0-2: Ball 1-2: Ground out 6-3 (Groundball, 6)
|
Batting: SHB Pedro Martínez
|
0-0: Foul Ball, location: 2F 0-1: Ball 1-1: Swinging Strike 1-2: Ball 2-2: Ball 3-2: Strikes out looking
|
Bottom of the 1st over - 0 run(s), 0 hit(s), 0 error(s), 0 left on base; Mexico City 2 - Mile High 0 |
TOP OF THE 2ND |
Mexico City Cerveceros batting - Pitching for Mile High Broncos : RHP Denny Green
|
Batting: RHB Lee Price
|
0-0: Ball 1-0: SINGLE (Line Drive, 4M)
|
Batting: LHB Domingo Cardona
|
0-0: Called Strike Lee Price steals 2nd base 0-1: Ball 1-1: Swinging Strike 1-2: Foul Ball, location: 2F 1-2: SINGLE (Groundball, 6MD) Lee Price to third Runner from 3rd tries for Home, SAFE, no throw
|
Batting: SHB Pancho Vásquez
|
0-0: Ball 1-0: Grounds into double play, 6-4-3 (Groundball, 6)
|
Batting: LHB David Hernández
|
0-0: Ball 1-0: Ball 2-0: Called Strike 2-1: Fly out, F7 (Flyball, 78M)
|
Top of the 2nd over - 1 run(s), 2 hit(s), 0 error(s), 0 left on base; Mexico City 3 - Mile High 0 |
BOTTOM OF THE 2ND |
Mile High Broncos batting - Pitching for Mexico City Cerveceros : RHP Christian Camden
|
Batting: RHB António Martínez
|
0-0: Swinging Strike 0-1: Foul Ball, location: 2F 0-2: Ball 1-2: Strikes out swinging
|
Batting: SHB Paco Martínez
|
0-0: Ball 1-0: Foul Ball, location: 2F 1-1: Ball 2-1: Foul Ball, location: 2F 2-2: Foul Ball, location: 2F 2-2: Ball 3-2: Strikes out swinging
|
Batting: RHB Rodney González
|
0-0: Swinging Strike 0-1: Swinging Strike 0-2: Ball 1-2: SINGLE (Flyball, 8RS)
|
Batting: LHB Milton Watson
|
0-0: Ball 1-0: Ball 2-0: Ball 3-0: Base on Balls Rodney González to second
|
Batting: LHB Dave Cook
|
0-0: Called Strike 0-1: Ball 1-1: Foul Ball, location: 2F 1-2: Ball 2-2: Ball 3-2: Foul Ball, location: 2F 3-2: Base on Balls Rodney González to third Milton Watson to second
|
Batting: RHB Evan Robinson
|
0-0: Foul Ball, location: 2F 0-1: Ball 1-1: Ball 2-1: Called Strike 2-2: Foul Ball, location: 2F 2-2: Foul Ball, location: 2F 2-2: Foul Ball, location: 2F 2-2: Foul Ball, location: 2F 2-2: Ball 3-2: Ground out 4-3 (Groundball, 4M)
|
Bottom of the 2nd over - 0 run(s), 1 hit(s), 0 error(s), 3 left on base; Mexico City 3 - Mile High 0 |
TOP OF THE 3RD |
Mexico City Cerveceros batting - Pitching for Mile High Broncos : RHP Denny Green
|
Batting: RHB Juan Jose Guevana
|
0-0: Called Strike 0-1: Ball 1-1: Ball 2-1: Called Strike 2-2: Ground out 6-3 (Groundball, 56D)
|
Batting: LHB Brandon Cummings
|
0-0: SOLO HOME RUN (Flyball, 9D), Distance : 366 ft
|
Batting: RHB Dennis Stephenson
|
0-0: Ground out 6-3 (Groundball, 6)
|
Batting: LHB Gary Kern
|
0-0: Ball 1-0: Ground out 3-1 (Groundball, 34)
|
Top of the 3rd over - 1 run(s), 1 hit(s), 0 error(s), 0 left on base; Mexico City 4 - Mile High 0 |
BOTTOM OF THE 3RD |
Mile High Broncos batting - Pitching for Mexico City Cerveceros : RHP Christian Camden
|
Batting: LHB Ernesto López
|
0-0: Ball 1-0: Fly out, F8 (Line Drive, 8LM)
|
Batting: RHB Luis Alvarado
|
0-0: Called Strike 0-1: Ball 1-1: Ball 2-1: Ground out 4-3 (Groundball, 4)
|
Batting: SHB Pedro Martínez
|
0-0: Foul Ball, location: 2F 0-1: Ball 1-1: Ball 2-1: Called Strike 2-2: Ball 3-2: DOUBLE (Line Drive, 9LM)
|
Batting: RHB António Martínez
|
0-0: Called Strike 0-1: Swinging Strike 0-2: Ball 1-2: Strikes out looking
|
Bottom of the 3rd over - 0 run(s), 1 hit(s), 0 error(s), 1 left on base; Mexico City 4 - Mile High 0 |
TOP OF THE 4TH |
Mexico City Cerveceros batting - Pitching for Mile High Broncos : RHP Denny Green
|
Batting: RHB Dave Morgan
|
0-0: Ball 1-0: SINGLE (Flyball, 89S)
|
Batting: RHB Lee Price
|
0-0: Ball 1-0: Called Strike 1-1: SINGLE (Flyball, 8LS) Dave Morgan to second
|
Batting: LHB Domingo Cardona
|
0-0: Foul Ball, location: 2F 0-1: Foul Ball, location: 2F 0-2: Foul Ball, location: 2F 0-2: Ball 1-2: Foul Ball, location: 2F 1-2: Foul Ball, location: 2F 1-2: Ball 2-2: Ball 3-2: Foul Ball, location: 2F 3-2: DOUBLE (Line Drive, 89XD) Dave Morgan scores Lee Price to third
|
Batting: SHB Pancho Vásquez
|
0-0: Foul Ball, location: 2F 0-1: Called Strike 0-2: Ball 1-2: Strikes out swinging
|
Batting: LHB David Hernández
|
0-0: Called Strike 0-1: Foul Ball, location: 2F 0-2: Strikes out looking
|
Batting: RHB Juan Jose Guevana
|
0-0: Swinging Strike 0-1: Called Strike 0-2: Strikes out swinging
|
Top of the 4th over - 1 run(s), 3 hit(s), 0 error(s), 2 left on base; Mexico City 5 - Mile High 0 |
BOTTOM OF THE 4TH |
Mile High Broncos batting - Pitching for Mexico City Cerveceros : RHP Christian Camden
|
Batting: SHB Paco Martínez
|
0-0: Called Strike 0-1: Foul Ball, location: 2F 0-2: Fly out, F8 (Line Drive, 8LD)
|
Batting: RHB Rodney González
|
0-0: Fly out, F8 (Flyball, 78S)
|
Batting: LHB Milton Watson
|
0-0: Called Strike 0-1: Ball 1-1: Swinging Strike 1-2: Foul Ball, location: 2F 1-2: Ball 2-2: Ball 3-2: SOLO HOME RUN (Flyball, 78XD), Distance : 405 ft
|
Batting: LHB Dave Cook
|
0-0: Ball 1-0: Called Strike 1-1: Ball 2-1: Foul Ball, location: 2F 2-2: Ground out 4-3 (Groundball, 4)
|
Bottom of the 4th over - 1 run(s), 1 hit(s), 0 error(s), 0 left on base; Mexico City 5 - Mile High 1 |
TOP OF THE 5TH |
Mexico City Cerveceros batting - Pitching for Mile High Broncos : RHP Denny Green
|
Batting: LHB Brandon Cummings
|
0-0: Called Strike 0-1: Ground out 4-3 (Groundball, 4)
|
Batting: RHB Dennis Stephenson
|
0-0: Ball 1-0: Called Strike 1-1: Swinging Strike 1-2: Ball 2-2: Ground out 6-3 (Groundball, 6)
|
Batting: LHB Gary Kern
|
0-0: Single, Error in OF, E8, batter to second base
|
Batting: RHB Dave Morgan
|
0-0: Called Strike 0-1: SINGLE (Line Drive, 56) Gary Kern to third
|
Batting: RHB Lee Price
|
0-0: Ball 1-0: Foul Ball, location: 2F 1-1: SINGLE (Groundball, 56D) Gary Kern scores Dave Morgan to second
|
Pitching: RHP Hokusai Nakashima
|
|
Batting: LHB Domingo Cardona
|
0-0: Foul Ball, location: 2F 0-1: Swinging Strike 0-2: Ball 1-2: Foul Ball, location: 2F 1-2: Strikes out looking
|
Top of the 5th over - 1 run(s), 3 hit(s), 1 error(s), 2 left on base; Mexico City 6 - Mile High 1 |
BOTTOM OF THE 5TH |
Mile High Broncos batting - Pitching for Mexico City Cerveceros : RHP Christian Camden
|
Batting: RHB Evan Robinson
|
0-0: Called Strike 0-1: Ball 1-1: Ball 2-1: Called Strike 2-2: Ground out 6-3 (Groundball, 6)
|
Batting: LHB Ernesto López
|
0-0: Ball 1-0: Ground out 5-3 (Groundball, 56S)
|
Batting: RHB Luis Alvarado
|
0-0: Ball 1-0: Ball 2-0: SINGLE (Line Drive, 4D)
|
Batting: SHB Pedro Martínez
|
0-0: Ball 1-0: Foul Ball, location: 2F 1-1: DOUBLE (Flyball, 7LD) Luis Alvarado to third Runner from 3rd tries for Home, throw and OUT!
|
Bottom of the 5th over - 0 run(s), 2 hit(s), 0 error(s), 1 left on base; Mexico City 6 - Mile High 1 |
TOP OF THE 6TH |
Mexico City Cerveceros batting - Pitching for Mile High Broncos : RHP Hokusai Nakashima
|
Batting: SHB Pancho Vásquez
|
0-0: Called Strike 0-1: Ball 1-1: Foul Ball, location: 2F 1-2: Ground out 4-3 (Groundball, 4)
|
Batting: LHB David Hernández
|
0-0: Ball 1-0: Swinging Strike 1-1: Ball 2-1: Ball 3-1: Foul Ball, location: 2F 3-2: Foul Ball, location: 2F 3-2: Fly out, F7 (Flyball, 7LMF)
|
Batting: RHB Juan Jose Guevana
|
0-0: Called Strike 0-1: Ball 1-1: Ball 2-1: Foul Ball, location: 2F 2-2: Foul Ball, location: 2F 2-2: Fly out, F9 (Flyball, 9S)
|
Top of the 6th over - 0 run(s), 0 hit(s), 0 error(s), 0 left on base; Mexico City 6 - Mile High 1 |
BOTTOM OF THE 6TH |
Mile High Broncos batting - Pitching for Mexico City Cerveceros : RHP Christian Camden
|
Pitching: RHP Raúl Gómez
|
|
Batting: RHB António Martínez
|
0-0: Ball 1-0: Fly out, F9 (Flyball, 9S)
|
Batting: SHB Paco Martínez
|
0-0: Ball 1-0: Ball 2-0: Foul Ball, location: 2F 2-1: Ball 3-1: Ground out 4-3 (Groundball, 34)
|
Batting: RHB Rodney González
|
0-0: Called Strike 0-1: Called Strike 0-2: Ball 1-2: Ball 2-2: SINGLE (Flyball, 8RS)
|
Batting: LHB Milton Watson
|
0-0: Called Strike Rodney González steals 2nd base 0-1: Called Strike 0-2: Strikes out looking
|
Bottom of the 6th over - 0 run(s), 1 hit(s), 0 error(s), 1 left on base; Mexico City 6 - Mile High 1 |
BOTTOM OF THE 7TH |
Mile High Broncos batting - Pitching for Mexico City Cerveceros : RHP Raúl Gómez
|
Batting: LHB Dave Cook
|
0-0: Foul Ball, location: 2F 0-1: Called Strike 0-2: Fly out, F7 (Flyball, 78M)
|
Batting: RHB Evan Robinson
|
0-0: Ball 1-0: Swinging Strike 1-1: Foul Ball, location: 2F 1-2: Strikes out swinging
|
Batting: LHB Ernesto López
|
0-0: Ball 1-0: Foul Ball, location: 2F 1-1: Foul Ball, location: 2F 1-2: Ball 2-2: TRIPLE (Flyball, 9LD)
|
Batting: RHB Luis Alvarado
|
0-0: Ball 1-0: Foul Ball, location: 2F 1-1: Foul Ball, location: 2F 1-2: Foul Ball, location: 2F 1-2: Ball 2-2: Ball 3-2: Strikes out swinging
|
Bottom of the 7th over - 0 run(s), 1 hit(s), 0 error(s), 1 left on base; Mexico City 8 - Mile High 1 |
TOP OF THE 8TH |
Mexico City Cerveceros batting - Pitching for Mile High Broncos : RHP Hokusai Nakashima
|
Pitching: LHP Jorge García
|
|
Batting: RHB Juan Jose Guevana
|
0-0: Called Strike 0-1: SINGLE (Groundball, 15S) (infield hit)
|
Batting: LHB Brandon Cummings
|
0-0: Ball 1-0: Called Strike 1-1: Ball 2-1: Called Strike 2-2: Ball 3-2: SINGLE (Line Drive, 4M) Juan Jose Guevana to second
|
Batting: RHB Dennis Stephenson
|
0-0: Ball 1-0: Fly out, F8 (Line Drive, 8RS)
|
Batting: LHB Gary Kern
|
0-0: Ball 1-0: Grounds into double play, 6-4-3 (Groundball, 6)
|
Top of the 8th over - 0 run(s), 2 hit(s), 0 error(s), 1 left on base; Mexico City 8 - Mile High 1 |
BOTTOM OF THE 8TH |
Mile High Broncos batting - Pitching for Mexico City Cerveceros : RHP Raúl Gómez
|
Now at C: Fernando Garza
|
|
Batting: SHB Pedro Martínez
|
0-0: Ball 1-0: SINGLE (Line Drive, 9LS)
|
Batting: RHB António Martínez
|
0-0: Called Strike 0-1: Ball 1-1: Ball 2-1: 2-RUN HOME RUN (Flyball, 7LD), Distance : 384 ft
|
Pitching: RHP Troy Hawkins
|
|
Batting: SHB Paco Martínez
|
0-0: Ground out 4-3 (Groundball, 4)
|
Batting: RHB Rodney González
|
0-0: Ball 1-0: Ball 2-0: Foul Ball, location: 2F 2-1: Ball 3-1: Foul Ball, location: 2F 3-2: SOLO HOME RUN (Flyball, 78XD), Distance : 420 ft
|
Batting: LHB Milton Watson
|
0-0: Ball 1-0: Ball 2-0: Foul Ball, location: 2F 2-1: Foul Ball, location: 2F 2-2: Ball 3-2: Foul Ball, location: 2F 3-2: Base on Balls
|
Batting: LHB Dave Cook
|
0-0: Foul Ball, location: 2F 0-1: Ball 1-1: Ball 2-1: SINGLE (Line Drive, 6MD) Milton Watson to second
|
Batting: RHB Evan Robinson
|
0-0: Called Strike 0-1: Ball 1-1: Single, Error in OF, E7, batter to second base Milton Watson scores Dave Cook to third
|
Pitching: RHP Tex Perkins
|
|
Batting: LHB Ernesto López
|
0-0: Ball 1-0: Ball 2-0: Ball 3-0: Base on Balls
|
Batting: RHB Luis Alvarado
|
0-0: Swinging Strike 0-1: Grounds into fielders choice 1-2 (Groundball, P) Evan Robinson to third Ernesto López to second
|
Batting: SHB Pedro Martínez
|
0-0: Called Strike 0-1: Called Strike 0-2: Ball 1-2: Strikes out swinging
|
Bottom of the 8th over - 4 run(s), 5 hit(s), 1 error(s), 3 left on base; Mexico City 8 - Mile High 5 |
TOP OF THE 9TH |
Mexico City Cerveceros batting - Pitching for Mile High Broncos : LHP Jorge García
|
Batting: RHB Dave Morgan
|
0-0: Ball 1-0: Ball 2-0: Called Strike 2-1: Foul Ball, location: 2F 2-2: Strikes out swinging
|
Batting: RHB Lee Price
|
0-0: Ground out 6-3 (Groundball, 6)
|
Batting: LHB Domingo Cardona
|
0-0: Ball 1-0: Called Strike 1-1: Ball 2-1: Called Strike 2-2: Ball 3-2: Base on Balls
|
Batting: SHB Pancho Vásquez
|
0-0: Ball 1-0: Called Strike 1-1: Ball 2-1: Ball 3-1: Fielders Choice at 2nd, 5-4 (Groundball, 56)
|
Top of the 9th over - 0 run(s), 0 hit(s), 0 error(s), 0 left on base; Mexico City 8 - Mile High 5 |
BOTTOM OF THE 9TH |
Mile High Broncos batting - Pitching for Mexico City Cerveceros : RHP Tex Perkins
|
Pitching: LHP Rubén Rico
|
|
Batting: RHB António Martínez
|
0-0: Called Strike 0-1: Ground out 6-3 (Groundball, 6)
|
Batting: SHB Paco Martínez
|
0-0: Called Strike 0-1: Ball 1-1: Ball 2-1: Foul Ball, location: 2F 2-2: Foul Ball, location: 2F 2-2: Foul Ball, location: 2F 2-2: Ground out 6-3 (Groundball, 6)
|
Batting: RHB Rodney González
|
0-0: Ball 1-0: Foul Ball, location: 2F 1-1: Ball 2-1: Ball 3-1: Foul Ball, location: 2F 3-2: Base on Balls
|
Batting: LHB Milton Watson
|
0-0: Called Strike 0-1: Ball 1-1: Foul Ball, location: 2F 1-2: Ball 2-2: Foul Ball, location: 2F 2-2: Foul Ball, location: 2F 2-2: SINGLE (Flyball, 8LS) Rodney González to second
|
Pinch Hitting: RHB Edward Williams
|
0-0: SINGLE (Line Drive, 8LS) Rodney González to third Milton Watson to second Runner from 3rd tries for Home, SAFE, throw made at trailing runner, OUT at third!
|
Bottom of the 9th over - 1 run(s), 2 hit(s), 0 error(s), 1 left on base; Mexico City 8 - Mile High 6 |
|